 Dungeon Crawl Stone Soup version 0.22-a0-75-g1fede22 (webtiles) character file.

35026 oplop the Thaumaturge (level 13, -6/114 HPs)
             Began as an Octopode Ice Elementalist on Jan 12, 2018.
             Was the Champion of Cheibriados.
             Mangled by a large slime creature (30 damage)
             ... on level 12 of the Dungeon.
             The game lasted 00:56:21 (20334 turns).

oplop the Thaumaturge (Octopode Ice Elementalist)  Turns: 20334, Time: 00:56:22

Health: -6/114     AC: 27    Str: 26    XL:     13   Next: 81%
Magic:  18/27      EV: 21    Int: 36    God:    Cheibriados [******]
Gold:   288        SH:  0    Dex: 28    Spells: 4/33 levels left

rFire    + . .     SeeInvis .     - Unarmed
rCold    . . .     Gourm    .   (no shield)
rNeg     + + .     Faith    .   (helmet restricted)
rPois    ∞         Spirit   .   (no amulet)
rElec    +         Reflect  .   g - ring of protection from fire
rCorr    .         Harm     .   k - ring of wizardry
MR       .....                  o - ring of positive energy
Stlth    ++++......             t - +3 ring of strength
HPRegen  0.29/turn              (no ring)
MPRegen  0.20/turn              (no ring)
                                (no ring)
                                (no ring)

@: statue-form, very slow
A: almost no armour, stealthy swim, amphibious, 8 rings, constrict 8, camouflage
1
a: End Transformation, Bend Time, Temporal Distortion, Slouch, Step From Time,
Renounce Religion


You were on level 12 of the Dungeon.
You worshipped Cheibriados.
Cheibriados was exalted by your worship.
You were not hungry.
You were a stone statue.
You visited 3 branches of the dungeon, and saw 19 of its levels.
You also visited: Sewer.

You collected 1058 gold pieces.
You spent 770 gold pieces at shops.

Inventory:

Missiles
 n - 3 poisoned tomahawks (quivered)
Armour
 q - a +0 buckler
Jewellery
 e - an uncursed amulet of faith
 g - a ring of protection from fire (left tentacle)
 k - a ring of wizardry (right tentacle)
 o - a ring of positive energy (on tentacle)
 t - a +3 ring of strength (on tentacle)
Wands
 m - a wand of polymorph (17)
 s - a wand of paralysis (25)
 E - a wand of enslavement (13)
 F - a wand of disintegration (10)
 G - a wand of clouds (8)
 J - a wand of acid (7)
Scrolls
 c - a scroll of teleportation
 f - 17 scrolls of identify
 l - 2 scrolls of remove curse
 v - 3 scrolls of enchant armour
 y - 4 scrolls of amnesia
 D - 2 scrolls of magic mapping
 H - 3 scrolls of blinking
 I - 3 scrolls of fear
 L - 4 scrolls of enchant weapon
 O - a scroll of summoning
Potions
 d - 3 potions of brilliance
 h - 5 potions of degeneration
 p - 8 potions of curing
 r - 3 potions of flight {unknown}
 u - 2 potions of ambrosia {unknown}
 w - 2 potions of haste {unknown}
 x - a potion of might {unknown}
 A - 2 potions of resistance {unknown}
 B - a potion of invisibility
 C - 2 potions of berserk rage {unknown}
 M - 3 potions of agility {unknown}
 P - a potion of cancellation {unknown}
Books
 a - a book of Frost

   Spells                             Type                      Level
   a - Freeze                         Ice                          1
   b - Throw Frost                    Conjuration/Ice              2
   c - Ozocubu's Armour               Charms/Ice                   3
   d - Throw Icicle                   Conjuration/Ice              4
   e - Summon Ice Beast               Ice/Summoning                4
 j - a book of Misfortune

   Spells                             Type                      Level
   a - Confusing Touch                Hexes                        1
   b - Confuse                        Hexes                        3
   c - Gell's Gravitas                Translocation                3
   d - Petrify                        Transmutation/Earth          4
   e - Metabolic Englaciation         Hexes/Ice                    5
   f - Yara's Violent Unravelling     Hexes/Transmutation          5
 z - a book of Cantrips

   Spells                             Type                      Level
   a - Confusing Touch                Hexes                        1
   b - Animate Skeleton               Necromancy                   1
   c - Summon Small Mammal            Summoning                    1
   d - Apportation                    Translocation                1
 K - a book of Necromancy

   Spells                             Type                      Level
   a - Pain                           Necromancy                   1
   b - Animate Skeleton               Necromancy                   1
   c - Vampiric Draining              Necromancy                   3
   d - Regeneration                   Charms/Necromancy            3
   e - Animate Dead                   Necromancy                   4
   f - Borgnjor's Vile Clutch         Necromancy/Earth             5
 N - a book of Transfigurations

   Spells                             Type                      Level
   a - Irradiate                      Conjuration/Transmutation    5
   b - Statue Form                    Transmutation/Earth          6
   c - Hydra Form                     Transmutation                6
   d - Dragon Form                    Transmutation                7
Comestibles
 b - 25 rations


   Skills:
 - Level 7.9 Fighting
 - Level 8.2 Dodging
 - Level 2.6 Stealth
 * Level 7.0 Unarmed Combat
 + Level 10.8 Spellcasting
 + Level 2.3 Conjurations
 - Level 2.0 Summonings
 - Level 10.1 Transmutations
 - Level 8.6 Ice Magic
 - Level 4.7 Earth Magic
 - Level 7.3 Invocations


You had 4 spell levels left.
You knew the following spells:

 Your Spells              Type           Power        Failure   Level  Hunger
a - Freeze                Ice            ####         1%          1    None
b - Ozocubu's Armour      Chrm/Ice       ######..     1%          3    None
c - Summon Ice Beast      Ice/Summ       ######..     1%          4    None
d - Throw Icicle          Conj/Ice       ######..     1%          4    None
e - Apportation           Tloc           ###...       1%          1    None
f - Petrify               Tmut/Erth      ######..     1%          4    None
g - Hydra Form            Tmut           #######...   1%          6    ####...
h - Statue Form           Tmut/Erth      ######...    6%          6    ####...


Dungeon Overview and Level Annotations

Branches:
Dungeon (12/15)            Temple (1/1) D:5            Lair (6/6) D:10
  Swamp (0/4) Lair:4       Spider (0/4) Lair:2        Slime (0/5) Lair:6
    Orc: D:9-12

Altars:
Ashenzari
Cheibriados
Dithmenos
Elyvilon
Fedhas
Gozag
Hepliaklqana
Kikubaaqudgha
Makhleb
Nemelex Xobeh
Okawaru
Qazlal
Ru
Sif Muna
Trog
Uskayaw
Vehumet
Wu Jian
Xom
Yredelemnul
Zin
The Shining One
Beogh
Jiyva

Shops:
D:6 [   D:10 [}:(

Annotations:
D:10 exclusion: door
Lair:2 exclusion: orb spider, Urug; dstrng's ghost, journeyman DEGl


Innate Abilities, Weirdness & Mutations

You cannot wear most types of armour.
You are very stealthy in the water. (Stealth+)
You are amphibious.
You can wear up to eight rings at the same time.
You can use your tentacles to constrict eight enemies at once.
Your skin changes colour to match your surroundings (Stealth+).
((Your rubbery body absorbs attacks. (AC +1, EV +1)))


Message History

The steam dragon scales are intact enough to wear.
The centaur misses you.
The centaur hits you but does no damage.
The large slime creature completely misses you.
The centaur hits you but does no damage.
You tentacle-slap the centaur. Your squeeze misses the centaur.
The centaur is lightly wounded.
The centaur misses you.
The centaur hits you but does no damage.
The centaur misses you.
The large slime creature hits you but does no damage.
The centaur hits you.
* * * LOW HITPOINT WARNING * * *
The orc priest misses you. The centaur completely misses you.
A slime creature and an orc priest come into view.
You batter the orc priest!!
You kill the orc priest!
Cheibriados thoroughly appreciates the change of pace.
The centaur misses you. The large slime creature hits you!!
You die...

#.##.# #..##....
#.##.# #..#).(..
#.##.###..#..#..
#.##.........#.#
#.############.#
####........ ...
#...........
...#
#[##########
#### #)8c......
#c[J......
#.........
#.).......
#.........
#.........
#.........
#........J


You could see a large slime creature, a slime creature and 2 centaurs.

Vanquished Creatures
  The ghost of Paulus the Protected, a journeyman DDMo of Gozag (Lair:1)
  4 hydras
  A two-headed ogre (D:9)
  4 death yaks (Lair:4)
  A swamp dragon (Lair:4)
  A manticore (D:12)
  A cyclops (D:12)
  2 black mambas
  10 spiny frogs
  6 komodo dragons
  An efreet (D:12)
  3 rime drakes
  A queen bee (Lair:5)
  3 meliai (Lair:5)
  A hornet (D:11)
  6 blink frogs
  2 hippogriffs
  2 slime creatures (D:12)
  A wyvern (Lair:3)
  30 yaks
  A basilisk (D:10)
  A steam dragon (D:12)
  9 water moccasins
  11 porcupines
  3 orc warriors
  2 ice beasts
  3 sky beasts
  2 black bears
  2 ogres
  A necrophage (D:12)
  7 wolves
  5 centaurs
  A big kobold (Sewer)
  9 crocodiles
  8 bullfrogs
  4 scorpions
  28 killer bees
  2 howler monkeys (D:8)
  8 wights
  7 crimson imps
  A bullfrog zombie (D:10)
  7 hounds
  4 jellies
  A quasit (D:7)
  A centaur zombie (D:7)
  7 orc wizards
  A gnoll shaman (D:8)
  6 orc priests
  2 bullfrog skeletons
  Terence (D:2)
  8 worker ants
  3 hound skeletons
  3 worker ant zombies
  6 gnolls
  13 adders
  2 river rats (D:6)
  2 shadow imps
  3 oozes (D:9)
  2 adder skeletons
  An adder zombie (D:10)
  7 worms
  A dart slug (D:1)
  3 leopard geckos
  35 orcs
  3 giant cockroaches
  4 goblins
  6 hobgoblins
  8 jackals
  4 quokkas
  A ball python (D:2)
  7 bats
  6 frilled lizards
  11 kobolds
  2 leopard gecko skeletons
  A leopard gecko zombie (D:7)
  A quokka zombie (D:8)
  12 rats
  A fungus (Lair:4)
382 creatures vanquished.

Vanquished Creatures (collateral kills)
  2 hydras
  2 two-headed ogres (D:10)
  3 spiny frogs
  A rime drake (Lair:3)
  2 komodo dragons
  2 blink frogs (Lair:1)
  A hippogriff (D:9)
  5 yaks
  A hungry ghost (D:10)
  2 basilisks
  A water moccasin (Lair:3)
  3 porcupines
  An ice beast (D:7)
  An orc warrior (D:8)
  3 ogres
  5 wolves (Lair:2)
  4 centaurs
  A crocodile (Lair:1)
  4 bullfrogs
  A wyvern zombie (D:7)
  A gnoll sergeant (D:10)
  3 killer bees
  A jelly (D:9)
  3 orc wizards
  2 hounds
  A centaur skeleton (D:10)
  A gnoll shaman (D:10)
  An iguana (Lair:4)
  A worker ant (D:5)
  A killer bee zombie (D:8)
  4 gnolls
  A river rat (D:6)
  2 oozes (D:9)
  2 worms (D:6)
  10 orcs
  A jackal (Sewer)
  2 kobolds (Sewer)
  A fungus (Lair:3)
83 creatures vanquished.

Vanquished Creatures (others)
  A kobold (D:2)
  A bush (D:10)
  19 fungi
  31 plants
52 creatures vanquished.

Grand Total: 517 creatures vanquished

Notes
Turn   | Place    | Note
-------+----------+-------------------------------------------
     0 | D:1      | oplop the Octopode Ice Elementalist began the quest for the Orb.
     0 | D:1      | Reached XP level 1. HP: 11/11 MP: 3/3
   268 | D:1      | Reached XP level 2. HP: 17/17 MP: 3/5
   792 | D:2      | Reached XP level 3. HP: 17/22 MP: 6/6
  1259 | D:2      | Noticed Terence
  1268 | D:2      | Reached skill level 1 in Fighting
  1275 | D:2      | Killed Terence
  1275 | D:2      | Reached XP level 4. HP: 14/28 MP: 1/8
  1538 | D:2      | Found a blossoming altar of Fedhas.
  2817 | D:4      | Reached XP level 5. HP: 33/33 MP: 0/9
  2838 | D:4      | Learned a level 3 spell: Ozocubu's Armour
  2843 | D:4      | Learned a level 4 spell: Summon Ice Beast
  3347 | D:4      | Reached XP level 6. HP: 24/39 MP: 6/11
  3712 | D:4      | Reached skill level 5 in Ice Magic
  3994 | D:4      | Learned a level 4 spell: Throw Icicle
  4001 | D:5      | Entered Level 5 of the Dungeon
  4110 | D:5      | Reached XP level 7. HP: 33/45 MP: 9/13
  4245 | D:5      | Found a staircase to the Ecumenical Temple.
  4349 | D:5      | You fall through a shaft for 3 floors!
  4373 | D:8      | Found a deep blue altar of Sif Muna.
  4469 | D:7      | Reached skill level 1 in Summonings
  4593 | D:6      | Found Derycemn's Armour Boutique.
  4810 | D:6      | Reached XP level 8. HP: 31/52 MP: 3/15
  4855 | D:6      | Found a glowing drain.
  4874 | Sewer    | Entered a sewer
  5078 | Sewer    | Found a white marble altar of Elyvilon.
  5138 | D:6      | Reached skill level 5 in Spellcasting
  6415 | D:6      | HP: 2/54 [poisoned by an adder]
  7017 | D:5      | Reached XP level 9. HP: 52/58 MP: 9/18
  7843 | Temple   | Entered the Ecumenical Temple
  7892 | Temple   | Became a worshipper of Cheibriados the Contemplative
  8244 | D:7      | Reached skill level 5 in Dodging
  8468 | D:7      | Reached skill level 1 in Invocations
  8630 | D:8      | Reached * piety under Cheibriados
  8993 | D:8      | Found an opulent altar of Gozag.
  9534 | D:8      | Found a roughly hewn altar of Beogh.
  9769 | D:8      | Reached ** piety under Cheibriados
  9817 | D:8      | HP: 3/60 [orc warrior/halberd (15)]
 10396 | D:7      | Reached skill level 5 in Fighting
 10768 | D:8      | Found a burning altar of Makhleb.
 10780 | D:8      | Found an ornate altar of the Wu Jian Council.
 10782 | D:8      | Found a glowing golden altar of the Shining One.
 10871 | D:9      | Noticed a two-headed ogre
 10884 | D:9      | Reached XP level 10. HP: 47/66 MP: 6/20
 10891 | D:9      | Killed a two-headed ogre
 11001 | D:9      | Reached *** piety under Cheibriados
 11120 | D:9      | Found a sacrificial altar of Ru.
 11497 | D:9      | Found an ancient bone altar of Kikubaaqudgha.
 11728 | D:10     | Entered Level 10 of the Dungeon
 11848 | D:10     | Reached skill level 5 in Invocations
 11888 | D:10     | Reached **** piety under Cheibriados
 12147 | D:10     | Found Sigiax's Antique Armour Boutique.
 12147 | D:10     | Found Aguc's Gadget Shoppe.
 12337 | D:10     | Found Ziuprog's Book Shop.
 12365 | D:10     | Noticed a two-headed ogre
 12376 | D:10     | Killed a two-headed ogre
 12432 | D:10     | Found Gafy's Antique Weapon Boutique.
 12606 | D:10     | Noticed a two-headed ogre
 12738 | D:10     | Found a staircase to the Lair.
 12752 | D:10     | Killed a two-headed ogre
 12752 | D:10     | Reached XP level 11. HP: 48/72 MP: 6/23
 12870 | D:10     | Reached ***** piety under Cheibriados
 13234 | D:10     | Learned a level 1 spell: Apportation
 13290 | Lair:1   | Entered Level 1 of the Lair of Beasts
 13456 | Lair:1   | Noticed Paulus's ghost (journeyman DDMo)
 13586 | Lair:1   | Noticed a four-headed hydra
 13698 | Lair:1   | Learned a level 4 spell: Petrify
 13840 | Lair:2   | Found a hole to the Spider Nest.
 13840 | Lair:2   | Noticed an orb spider
 13858 | Lair:2   | Reached skill level 1 in Transmutations
 13887 | Lair:2   | Noticed Urug
 14835 | Lair:3   | You fall through a shaft for 3 floors!
 14835 | Lair:6   | Entered Level 6 of the Lair of Beasts
 15149 | Lair:5   | Reached skill level 10 in Spellcasting
 15382 | Lair:3   | Reached skill level 5 in Transmutations
 15555 | Lair:3   | Reached XP level 12. HP: 71/80 MP: 15/26
 15765 | Lair:1   | Killed Paulus's ghost
 16412 | Lair:1   | Killed a four-headed hydra
 16733 | D:10     | Bought a book of Transfigurations for 770 gold pieces
 16740 | D:10     | Learned a level 6 spell: Hydra Form
 16747 | D:10     | Learned a level 6 spell: Statue Form
 16818 | Lair:2   | Noticed dstrng's ghost (journeyman DEGl)
 16851 | Lair:3   | Reached skill level 1 in Earth Magic
 17219 | Lair:3   | Noticed an eight-headed hydra
 17224 | Lair:3   | Killed an eight-headed hydra
 17465 | Lair:4   | Noticed a seven-headed hydra
 17475 | Lair:4   | Killed a seven-headed hydra
 17477 | Lair:4   | Noticed a death yak
 17477 | Lair:4   | Noticed a death yak
 17477 | Lair:4   | Noticed a death yak
 17477 | Lair:4   | Noticed a death yak
 17492 | Lair:4   | Reached ****** piety under Cheibriados
 17733 | Lair:4   | Reached skill level 1 in Unarmed Combat
 17797 | Lair:4   | Killed a death yak
 17801 | Lair:4   | Killed a death yak
 17812 | Lair:4   | Killed a death yak
 17812 | Lair:4   | Reached XP level 13. HP: 38/85 MP: 21/27
 18031 | Lair:4   | Found a staircase to the Swamp.
 19116 | Lair:6   | Reached skill level 5 in Unarmed Combat
 19374 | Lair:6   | Reached skill level 10 in Transmutations
 19392 | Lair:6   | Found a staircase to the Slime Pits.
 19393 | Lair:6   | Found a viscous altar of Jiyva.
 20334 | D:12     | Mangled by a large slime creature

Vault maps used:
D:1:      dpeg_arrival_more_subterranean_lakeside_camping, serial_curves,
          eino_curves_01, eino_curves_02
D:2:      marbit_many_paths, first_ration, uniq_terence
D:3:      lemuel_flame_loot_1
D:5:      temple_statues
D:6:      lightli_sewer_entry_pipes, serial_shops, shop
D:8:      kennysheep_little_box, minitemple, serial_curves, eino_curves_01,
          eino_curves_02, eino_curves_03, special_room
D:9:      lemuel_doored_altar, hangedman_little_slice_of_home, lemuel_tele_altar
D:10:     minmay_lair_entry_grove, serial_shops, shop, shop,
          nicolae_shop_window_shopping, nicolae_shop_trees
D:12:     erik_orc_1, serial_shops, shop_fountains
Temple:   eino_wide_crystal_templ
Lair:2:   nicolae_spider_entry_orb_guardian, uniq_urug
Lair:3:   portal_ice_cave_rime
Lair:4:   minmay_swamp_entry_reptiles, st_stairs_13, infiniplex_staircase_pool_2
Lair:5:   special_room, grunt_megastairs_2
Lair:6:   wormcave, guppyfry_lair_end_dragon, slime_altar_1, grunt_megastairs_4
Sewer:    sewer_kobolds

Skill      XL: |  1  2  3  4  5  6  7  8  9 10 11 12 13 |
---------------+----------------------------------------+-----
Fighting       | 1 2 3 4 5 6 7 |  7.9
Spellcasting   | 3 4 6 7 8 10 | 10.8
Ice Magic      | 4 5 7 8 |  8.6
Dodging        | 3 4 5 6 7 8 |  8.2
Summonings     | 2 |  2.0
Invocations    | 3 6 7 |  7.3
Transmutations | 5 8 10 | 10.1
Earth Magic    | 4 |  4.7
Unarmed Combat | 3 7 |  7.0
Conjurations   | 2 |  2.3
Stealth        | |  2.6

Action                   |  1- 3 |  4- 6 |  7- 9 | 10-12 | 13-15 || total
-------------------------+-------+-------+-------+-------+-------++-------
Melee: Unarmed           |    90 |    29 |       |    98 |   191 ||   408
       Constrict         |    28 |    28 |    53 |    39 |    16 ||   164
       Tentacles         |    20 |    15 |    35 |    55 |    44 ||   169
       Dagger            |       |    37 |       |       |       ||    37
       Rapier            |       |     8 |     3 |       |       ||    11
       Whip              |       |       |   199 |   162 |       ||   361
       Punch             |       |       |       |       |     9 ||     9
Throw: Tomahawk          |       |       |     3 |     1 |       ||     4
 Cast: Freeze            |    18 |    50 |    61 |   113 |       ||   242
       Ozocubu's Armour  |       |     6 |    27 |    53 |     3 ||    89
       Summon Ice Beast  |       |       |    51 |    66 |     3 ||   120
       Throw Icicle      |       |       |    12 |    41 |    10 ||    63
       Apportation       |       |       |       |     3 |       ||     3
       Hydra Form        |       |       |       |     9 |     6 ||    15
       Statue Form       |       |       |       |       |    18 ||    18
Invok: Bend Time         |       |       |       |     1 |       ||     1
       Slouch            |       |       |       |       |     1 ||     1
       Temporal Distorti |       |       |       |       |     1 ||     1
  Use: Scroll            |       |     4 |     9 |    10 |     1 ||    24
       Potion            |       |     1 |     2 |     2 |     1 ||     6
 Stab: Sleeping          |    14 |     7 |    10 |     9 |     2 ||    42
       Distracted        |       |       |     1 |     4 |       ||     5
       Invisible         |       |       |       |     2 |       ||     2
  Eat: Chunk             |     1 |     9 |    10 |     3 |       ||    23
       Ration            |       |       |     5 |     3 |       ||     8
Armor: Skin              |    11 |    18 |    63 |    87 |   141 ||   320
Dodge: Dodged            |    67 |    71 |   153 |   286 |   382 ||   959

Table legend:
 A = Spawn XP
 B = Non-spawn XP
 C = Spawn XP percentage of total XP
 D = Spawn monster count
 E = Non-spawn monster count
 F = Spawn count percentage of total count
 G = Total turns spent on level
                    A         B        C        D         E        F      G
               +---------+---------+-------+---------+---------+-------+---------
         Total |       0 |   50038 |   0.0 |       0 |     463 |   0.0 | 20334
               +---------+---------+-------+---------+---------+-------+---------
           D:1 |       0 |      31 |   0.0 |       0 |      19 |   0.0 |   772
           D:2 |       0 |      91 |   0.0 |       0 |      21 |   0.0 |   860
           D:3 |       0 |      24 |   0.0 |       0 |      12 |   0.0 |  1045
           D:4 |       0 |     446 |   0.0 |       0 |      19 |   0.0 |  1326
           D:5 |       0 |     501 |   0.0 |       0 |      19 |   0.0 |   935
           D:6 |       0 |    1179 |   0.0 |       0 |      34 |   0.0 |  2352
           D:7 |       0 |     972 |   0.0 |       0 |      23 |   0.0 |  1939
           D:8 |       0 |    1248 |   0.0 |       0 |      49 |   0.0 |  1329
           D:9 |       0 |    1465 |   0.0 |       0 |      19 |   0.0 |   864
          D:10 |       0 |    4201 |   0.0 |       0 |      49 |   0.0 |  1599
          D:11 |       0 |    2633 |   0.0 |       0 |      33 |   0.0 |   709
          D:12 |       0 |    2432 |   0.0 |       0 |      13 |   0.0 |   161
        Lair:1 |       0 |    4164 |   0.0 |       0 |      15 |   0.0 |  1363
        Lair:2 |       0 |    3728 |   0.0 |       0 |      25 |   0.0 |  1225
        Lair:3 |       0 |    7754 |   0.0 |       0 |      34 |   0.0 |  1007
        Lair:4 |       0 |    6192 |   0.0 |       0 |      14 |   0.0 |  1154
        Lair:5 |       0 |    6478 |   0.0 |       0 |      36 |   0.0 |  1048
        Lair:6 |       0 |    6397 |   0.0 |       0 |      18 |   0.0 |   340
         Sewer |       0 |     102 |   0.0 |       0 |      11 |   0.0 |   241
               +---------+---------+-------+---------+---------+-------+---------
